 Dungeon Crawl Stone Soup version 0.23.2-33-g5129a83184 (webtiles) character file.

Game seed: 7347465381802380694

560 DorianNounverber the Digger (level 7, -2/40 HPs)
             Began as a Gargoyle Earth Elementalist on July 16, 2019.
             Was an Initiate of Vehumet.
             Slain by an orc warrior
             ... wielding a +0 dire flail
              (11 damage)
             ... in the Ecumenical Temple on July 17, 2019.
             The game lasted 00:14:00 (4390 turns).

DorianNounverber the Digger (GrEE)                  Turns: 4390, Time: 00:14:00

Health: -2/40      AC:  7    Str: 11    XL:     7   Next: 31%
Magic:  3/12       EV: 12    Int: 18    God:    Vehumet [......]
Gold:   107        SH:  0    Dex: 10    Spells: 0/13 levels left

rFire    . . .     SeeInvis .   f - +2 dagger (holy)
rCold    + . .     Gourm    .   (no shield)
rNeg     + . .     Faith    +   c - +0 robe
rPois    ∞         Spirit   .   p - +0 helmet
rElec    +         Reflect  .   (no cloak)
rCorr    .         Harm     .   (no gloves)
MR       .....                  (no boots)
Stlth    ++........             y - amulet of faith
HPRegen  0.13/turn              k - ring of protection from cold
MPRegen  0.13/turn              (no ring)

@: very slightly contaminated
A: negative energy resistance 1, electricity resistance, unbreathing,
petrification resistance, rot immunity, AC +4
a: Renounce Religion


You were in the Ecumenical Temple.
You worshipped Vehumet.
Vehumet was noncommittal.
You were not hungry.

You visited 2 branches of the dungeon, and saw 5 of its levels.

You collected 107 gold pieces.

Inventory:

Hand Weapons
 a - a +0 club
 f - a +2 dagger of holy wrath (weapon)
 n - a +1 short sword of venom
Missiles
 b - 27 stones (quivered)
 x - 2 tomahawks
Armour
 c - a +0 robe (worn)
 p - a +0 helmet (worn)
Jewellery
 k - a ring of protection from cold (left hand)
 y - an amulet of faith (around neck)
Wands
 w - a wand of iceblast (10)
Scrolls
 e - 5 scrolls of remove curse {unknown}
 h - 6 scrolls of identify {unknown}
 i - 2 scrolls of enchant armour {unknown}
 m - 3 scrolls of teleportation {unknown}
 o - 3 scrolls of blinking {unknown}
 r - 2 scrolls of noise {unknown}
 u - a scroll of immolation {unknown}
 v - a scroll of fear {unknown}
Potions
 g - a potion of haste {unknown}
 j - a potion of flight {unknown}
 l - a potion of ambrosia {unknown}
 q - a potion of brilliance {unknown}
 s - a potion of agility {unknown}
 t - a potion of invisibility {unknown}
 z - a potion of resistance {unknown}
Comestibles
 d - 5 rations


   Skills:
 + Level 2.4 Fighting
 + Level 2.8 Dodging
 - Level 2.1 Stealth
 * Level 3.9 Spellcasting
 * Level 3.2 Conjurations
 - Level 0.7 Transmutations
 * Level 5.9 Earth Magic
 + Level 0.9 Evocations


You couldn't memorise any spells.
You knew the following spells:

 Your Spells              Type           Power        Failure   Level  Hunger
a - Sandblast             Erth           ###...       1%          1    None
b - Stone Arrow           Conj/Erth      ###...       7%          3    ###....
c - Petrify               Tmut/Erth      ###.....     36%         4    ####...
d - Lee's Rapid Deconstr  Erth           ###.......   36%         5    ######.

Your spell library contained the following spells:

 Spells                   Type           Power        Failure   Level  Hunger
 Passwall                 Tmut/Erth      ###.....     6%          2    ##.....
 Animate Skeleton         Necr           N/A          16%         1    None
 Apportation              Tloc           #.....       16%         1    None
 Confusing Touch          Hex            #.....       16%         1    None
 Summon Small Mammal      Summ           #...         16%         1    None


Dungeon Overview and Level Annotations

Branches:
Dungeon (4/15)             Temple (1/1) D:4

Altars:
Cheibriados
Dithmenos
Fedhas
Gozag
Hepliaklqana
Kikubaaqudgha
Okawaru
Qazlal
Ru
Sif Muna
Trog
Uskayaw
Vehumet
Wu Jian
Xom
Yredelemnul
Zin


Innate Abilities, Weirdness & Mutations

You are resistant to torment.
Your stone body is resilient. (AC +4)
You are immune to poison.
You resist negative energy. (rN+)
You are resistant to electric shocks. (rElec)
You can survive without breathing.
You are immune to petrification.
You are immune to rotting.


Message History

The orc warrior hits you with a +0 dire flail!
* * * LOW HITPOINT WARNING * * *
Okay, then.
Okay, then.
Casting: Sandblast (safe; 1% risk of failure)
Confirm with . or Enter, or press ? or * to list all spells.
Okay, then.
Casting: Sandblast (safe; 1% risk of failure)
Confirm with . or Enter, or press ? or * to list all spells.
Okay, then.
Casting: Sandblast (safe; 1% risk of failure)
Confirm with . or Enter, or press ? or * to list all spells.
Aiming: Petrify (quite dangerous; 36% risk of failure)
Press: ? - help, Shift-Dir - straight line, f - orc warrior
Aim: an orc warrior, wielding a +0 dire flail and wearing a +0 plate armour (lightly wounded, chance to defeat MR: 46%)
You miscast Petrify.
You are very lightly contaminated with residual magic.
Multicoloured lights dance before your eyes!
The orc warrior hits you with a +0 dire flail!
You die...

..._......# #.._..._..# #......_.
..........# ##.......## #........
#........## ######### ##.......
##......## ##...... ###.#####
#####.## ##.......#######
#######.......
#..............#####.............
...........###...#...###.........
.._........# ##.@...## #........_
...........# ##.o_..## #.........
...........# #.......# #.........
#.........####._..._.####........
##..._...####.........####..._...
##.....###.............# #.....#
####### #######<####### ##### ###


You could see an orc warrior.

Vanquished Creatures
  An ogre (D:4)
  A crimson imp (D:4)
  A centaur skeleton (D:4)
  An orc priest (D:4)
  An orc wizard (D:4)
  Terence (D:3)
  Natasha (D:2)
  5 worker ants (D:4)
  A hound skeleton (D:4)
  Robin (D:2)
  4 adders
  An ooze (D:1)
  2 adder skeletons (D:4)
  5 worms
  2 dart slugs
  2 leopard geckos
  4 orcs
  4 giant cockroaches
  21 goblins
  13 hobgoblins
  2 jackals (D:2)
  3 quokkas
  9 bats
  5 frilled lizards
  8 kobolds
  6 rats
  A toadstool (D:1)
106 creatures vanquished.

Vanquished Creatures (others)
  3 toadstools (D:1)
3 creatures vanquished.

Grand Total: 109 creatures vanquished

Notes
Turn   | Place    | Note
-------+----------+-------------------------------------------
     0 | D:1      | DorianNounverber the Gargoyle Earth Elementalist began the
                  | quest for the Orb.
     0 | D:1      | Reached XP level 1. HP: 10/10 MP: 3/3
   318 | D:1      | Reached XP level 2. HP: 16/16 MP: 5/5
   401 | D:1      | Reached skill level 4 in Earth Magic
   652 | D:1      | Reached XP level 3. HP: 18/20 MP: 6/6
   657 | D:1      | Learned a level 3 spell: Stone Arrow
  1188 | D:2      | Reached skill level 1 in Fighting
  1520 | D:2      | Noticed Robin
  1527 | D:2      | Reached XP level 4. HP: 25/25 MP: 5/7
  1561 | D:2      | Killed Robin
  1632 | D:2      | Reached skill level 1 in Conjurations
  1800 | D:2      | Noticed Natasha
  1811 | D:2      | Killed Natasha
  1811 | D:2      | Reached XP level 5. HP: 17/29 MP: 2/9
  1939 | D:2      | Noticed an air elemental
  1942 | D:2      | Found a stormy altar of Qazlal.
  1943 | D:2      | Noticed a water elemental
  1943 | D:2      | Noticed a fire elemental
  2778 | D:3      | Noticed Terence
  2808 | D:3      | Killed Terence
  2808 | D:3      | Reached skill level 5 in Earth Magic
  3751 | D:4      | Noticed an ogre
  3764 | D:4      | Reached XP level 6. HP: 31/35 MP: 11/11
  3770 | D:4      | Learned a level 4 spell: Petrify
  3785 | D:4      | Found a staircase to the Ecumenical Temple.
  3804 | D:4      | Found a shadowy altar of Dithmenos.
  3814 | Temple   | Entered the Ecumenical Temple
  3851 | Temple   | Became a worshipper of Vehumet
  4212 | D:4      | Reached XP level 7. HP: 33/40 MP: 7/12
  4266 | D:4      | Learned a level 5 spell: Lee's Rapid Deconstruction
  4390 | Temple   | Slain by an orc warrior

Skill      XL: |  1  2  3  4  5  6  7 |
---------------+----------------------+-----
Earth Magic    | 4 5 |  5.9
Fighting       | 1 2 |  2.4
Dodging        | 2 |  2.8
Conjurations   | 1 2 3 |  3.2
Spellcasting   | 3 |  3.9
Stealth        | |  2.1
Transmutations | |  0.7
Evocations     | |  0.9

Action                   |  1- 3 |  4- 6 |  7- 9 || total
-------------------------+-------+-------+-------++-------
Melee: Club              |    18 |       |       ||    18
       Unarmed           |     3 |       |       ||     3
       Dagger            |    69 |   145 |    33 ||   247
       Short sword       |    29 |       |       ||    29
 Cast: Sandblast         |     3 |    61 |     9 ||    73
       Stone Arrow       |       |     2 |     3 ||     5
       Lee's Rapid Decon |       |       |     1 ||     1
 Stab: Sleeping          |     7 |     3 |       ||    10
  Eat: Chunk             |     2 |     4 |       ||     6
       Ration            |       |     2 |       ||     2
Armor: Robe              |    35 |    59 |    14 ||   108
Dodge: Dodged            |    60 |   103 |    17 ||   180
